 Dungeon Crawl Stone Soup version 0.19-a0-607-g42021f0 (webtiles) character file.

299 georgeearnest the Covered (level 6, -3/55 HPs)
             Began as a Hill Orc Fighter on June 12, 2016.
             Slain by an ogre
             ... wielding a +0 giant club
              (14 damage)
             ... on level 3 of the Dungeon.
             The game lasted 00:05:49 (2788 turns).

georgeearnest the Covered (Hill Orc Fighter)        Turns: 2788, Time: 00:05:50

Health: -3/55      AC:  7    Str: 26    XL:     6   Next: 36%
Magic:  6/6        EV:  8    Int: 13    God:
Gold:   203        SH: 10    Dex: 10    Spells: 0 memorised, 5 levels left

rFire  . . .     SeeInvis .     a - +0 war axe
rCold  . . .     Gourm    .     b - +0 scale mail
rNeg   . . .     Faith    .     c - +0 shield
rPois  .         Spirit   .     (no helmet)
rElec  .         Dismiss  .     (no cloak)
rCorr  .         Reflect  .     (no gloves)
SustAt .         Harm     .     (no boots)
MR     .....                    (no amulet)
Stlth  ..........               (no ring)
                                (no ring)

@: mighty, brilliant, not resistant to hostile enchantments, extremely
unstealthy
A: no striking features
a: no special abilities


You were on level 3 of the Dungeon.
You were not hungry.

You visited 1 branch of the dungeon, and saw 4 of its levels.

You collected 203 gold pieces.

Inventory:

Hand Weapons
 a - a +0 war axe (weapon)
Armour
 b - a +0 scale mail (worn)
 c - a +0 shield (worn)
Wands
 r - a wand of confusion (7/48)
 t - a wand of slowing (5/48)
 u - a wand of paralysis (10/24)
Scrolls
 e - 5 scrolls of teleportation {unknown}
 g - 4 scrolls of identify {unknown}
 i - 4 scrolls of remove curse {unknown}
 j - a scroll of blinking {unknown}
 m - 3 scrolls of magic mapping {unknown}
 p - a scroll of fear {unknown}
 s - a scroll of enchant armour {unknown}
Potions
 h - a potion of ambrosia {unknown}
 n - a potion of curing {unknown}
 o - a potion of flight {unknown}
Comestibles
 k - 2 meat rations
 l - a beef jerky


   Skills:
 + Level 4.8 Fighting
 + Level 3.9 Axes
 + Level 4.8 Armour
 + Level 1.9 Dodging
 + Level 4.5 Shields


You had 5 spell levels left.
You didn't know any spells.

Dungeon Overview and Level Annotations

Branches:
Dungeon (4/15)
 Temple: D:4-7

Altars:
Cheibriados
Elyvilon
Fedhas
Xom
Zin
The Shining One


Message History

You block the ogre's attack.
You completely miss the ogre. You barely miss the quasit.
You block the quasit's attack. x2; The quasit barely misses you.
The ogre hits you with a giant club!
The quasit bites you but does no damage.
The quasit claws you. The quasit barely misses you.
You slash the ogre!
The ogre is heavily wounded.
You closely miss the quasit. You block the quasit's attack. x2
The quasit claws you but does no damage.
The ogre hits you with a giant club!
* * * LOW HITPOINT WARNING * * *
The quasit barely misses you. You block the quasit's attack.
The quasit claws you but does no damage.
It was a potion of brilliance.
You feel clever all of a sudden.
The quasit bites you but does no damage.
The quasit claws you but does no damage.
You block the quasit's attack. The ogre hits you with a giant club!
You die...

########## #######
#........# #.....#
#........#
####.....#
#........#
.........#
####.#####
########## #....#
###.##.#
###########...##5#
............####@#
.....######## #O#
.....# #.# .....#
#.# .....# #.#
.....# #.# .....#
#.# .....# #.#
.....# ##.####


You could see an ogre and a quasit.

Vanquished Creatures
  A phantom (D:4)
  An ogre (D:4)
  A gnoll (D:3)
  4 adders
  2 oozes
  A dart slug (D:3)
  3 orcs (D:3)
  A ball python (D:1)
  9 goblins
  8 hobgoblins
  4 jackals (D:1)
  10 kobolds
  14 bats
  3 giant newts
  11 rats
73 creatures vanquished.

Notes
Turn   | Place    | Note
--------------------------------------------------------------
     0 | D:1      | georgeearnest the Hill Orc Fighter began the quest for the Orb.
     0 | D:1      | Reached XP level 1. HP: 19/19 MP: 1/1
    60 | D:1      | Reached XP level 2. HP: 24/27 MP: 2/2
   237 | D:1      | Reached XP level 3. HP: 33/33 MP: 3/3
   709 | D:2      | Reached skill level 1 in Dodging
   817 | D:2      | Found a blossoming altar of Fedhas.
  1003 | D:2      | Reached XP level 4. HP: 40/40 MP: 4/4
  2014 | D:3      | Found a snail-covered altar of Cheibriados.
  2213 | D:4      | Found a shimmering altar of Xom.
  2271 | D:4      | Noticed a phantom
  2309 | D:4      | Killed a phantom
  2309 | D:4      | Reached XP level 5. HP: 26/47 MP: 5/5
  2530 | D:4      | Noticed an ogre
  2541 | D:4      | Killed an ogre
  2541 | D:4      | Reached XP level 6. HP: 39/53 MP: 6/6
  2574 | D:4      | Found a glowing golden altar of the Shining One.
  2574 | D:4      | Found a white marble altar of Elyvilon.
  2574 | D:4      | Found a glowing silver altar of Zin.
  2788 | D:3      | Slain by an ogre

Vault maps used:
D:1:      dpeg_arrival_short_road
D:2:      nicolae_overflow_crystal_walls, first_bread, lemuel_flame_loot_1
D:3:      cheibriados_altar_wand_db, kennysheep_generic_room_3
D:4:      corexii_shantytown, good_gods_mini_temple, xom_butterflies,
          hangedman_decor_diamond_cutter, feat_on_display

Skill      XL: |  1  2  3  4 |
---------------+-------------+-----
Shields        | 4 |  4.5
Fighting       | 4 |  4.8
Dodging        | 1 |  1.9
Axes           | 3 |  3.9
Armour         | 4 |  4.8

Action                   |  1- 3 |  4- 6 || total
-------------------------+-------+-------++-------
Melee: War axe           |   137 |   130 ||   267
  Use: Potion            |       |     2 ||     2
  Eat: Bread ration      |       |     2 ||     2
Armor: Scale mail        |   124 |    57 ||   181
Dodge: Dodged            |    67 |    55 ||   122
Block: Shield            |   131 |    83 ||   214
